 Dungeon Crawl Stone Soup version 0.31.0-4-g52a2dc7128 (webtiles) character file.

Game seed: 9019263871001058868

112426 AlmostDecent the Severer (level 16, 0/207 HPs)
             Began as a Demonspawn Berserker on Jan 19, 2024.
             Was a High Priest of Trog.
             Slain by a thorn hunter (7 damage)
             ... on level 3 of the Abyss on Jan 22, 2024.
             The game lasted 01:31:03 (24081 turns).

AlmostDecent the Severer (Demonspawn Berserker)    Turns: 24081, Time: 01:31:03

Health: 0/207      AC: 22    Str: 23    XL:     16   Next: 11%
Magic:  16/16      EV: 20    Int: 10    God:    Trog [*****.]
Gold:   2598       SH:  0    Dex: 12    Spells: 15/15 levels left

rFire   . . .        H - +6 battleaxe (flame)
rCold   . . .        (shield currently unavailable)
rNeg    + . .        i - +0 swamp dragon scales
rPois   +            Y - +2 helmet {Int+3}
rElec   +            a - +2 cloak
rCorr   .            p - +1 pair of gloves
SInv    .            (boots unavailable)
Will    +++..        v - amulet of the Gloaming {RegenMP rElec rN+ Regen+ Str-4} Stlth
                     f - +6 ring of strength
HPRegen 1.00/turn    d - +5 ring of evasion
MPRegen 0.55/turn

%: no passive effects
@: mighty, berserking, strong-willed, sick, regenerating, hasted (expiring),
very quick
A: hooves 3, slimy green scales 2, spiny 2, demonic magic 1, clumsy 1,
[screaming 2], [weak 2], [persistent drain]
a: Renounce Religion, Berserk, Trog's Hand, Brothers in Arms


You were on level 3 of the Abyss.
You worshipped Trog.
Trog was extremely pleased with you.
You visited 3 branches of the dungeon, and saw 21 of its levels.
You visited the Abyss 1 time.
You also visited: Gauntlet.

You collected 3157 gold pieces.
You spent 559 gold pieces at shops.

Inventory:

Hand Weapons
 r - the +6 longbow "Liqijoz" {heavy, Int+3}
   (You found it on level 5 of the Lair of Beasts)

   Int+3:     It affects your intelligence (+3).
 B - a +1 broad axe of draining
 H - a +6 battleaxe of flaming (weapon)
 N - a +1 executioner's axe of flaming
 V - the +9 battleaxe of the Doomed Warrior {antimagic, ^Drain rN+++ Will- Str+2 Dex+3}
   (Trog gifted it to you on level 13 of the Dungeon)

   Str+2:     It affects your strength (+2).
   Dex+3:     It affects your dexterity (+3).
   rN+++:     It renders you almost immune to negative energy.
   Will-:     It decreases your willpower.
   ^Drain:    It drains your maximum health when unequipped.
Missiles
 U - a throwing net (quivered)
Armour
 a - a +2 cloak (worn)
 h - +0 acid dragon scales
 i - +0 swamp dragon scales (worn)
 p - a +1 pair of gloves (worn)
 E - a +0 buckler
 Y - a +2 helmet of intelligence (worn)
Jewellery
 d - a +5 ring of evasion (right hand)
 f - a +6 ring of strength (left hand)
 v - the amulet of the Gloaming (around neck) {RegenMP rElec rN+ Regen+ Str-4}
   (You found it on level 5 of the Lair of Beasts)

   [amulet of magic regeneration]

   RegenMP:   It increases your rate of magic regeneration.
   Str-4:     It affects your strength (-4).
   rElec:     It insulates you from electricity.
   rN+:       It protects you from negative energy.
   Regen+:    It increases your rate of health regeneration.
 z - a ring of ice
 A - a ring of resist corrosion
 C - a +4 ring of protection
 M - a +6 ring of intelligence
 O - a +6 ring of dexterity
 W - a ring of positive energy
 X - a ring of protection from fire
 Z - a +6 ring of strength
Wands
 g - a wand of mindburst (30)
 j - a wand of roots (21)
 n - a wand of flame (50)
 w - a wand of digging (5)
 y - a wand of polymorph (2)
 D - a wand of quicksilver (6)
Scrolls
 b - 2 scrolls of enchant armour
 k - 11 scrolls of teleportation
 q - a scroll of poison
 u - 6 scrolls of revelation
 F - 2 scrolls of fog
 G - 2 scrolls of blinking
 I - a scroll of enchant weapon
 K - 2 scrolls of noise
 Q - 3 scrolls of identify
 R - a scroll of immolation
 T - 3 scrolls of fear
Potions
 c - 5 potions of mutation
 e - 8 potions of curing
 l - 2 potions of might
 m - a potion of ambrosia
 o - a potion of berserk rage {unknown}
 t - 3 potions of resistance
 x - 3 potions of enlightenment
 J - a potion of attraction
 P - 2 potions of cancellation
 S - a potion of magic


   Skills:
 + Level 16.0 Fighting
 - Level 18.0 Axes
 + Level 9.1 Armour
 + Level 10.5 Dodging
 + Level 6.0 Stealth


You had 15 spell levels left.
You didn't know any spells.
Your spell library was empty.

Dungeon Overview and Level Annotations

Branches:
Dungeon (14/15)            Temple (0/1) D:6            Lair (5/5) D:10
 Shoals (0/4) Lair:3       Spider (0/4) Lair:3        Slime (0/5) Lair:4
    Orc (2/2) D:10            Elf (0/3) Orc:2       Gauntlet (visited)
 Vaults: D:13-14

Altars:
Cheibriados
Uskayaw
Vehumet
Wu Jian
Xom
Yredelemnul
Jiyva

Shops:
D:3 :   D:4 [   D:5 [   D:6 (   D:12 (   Orc:1 :=(*(   Orc:2 *![=[

Portals:
Pandemonium: Orc:2

Annotations:
D:4 3 runed translucent doors, Jaukkuri's ghost, amateur DEAr
D:7 3 runed translucent doors, booth's ghost, novice DrAE; groovy9's ghost, novice DECj


Innate Abilities, Weirdness & Mutations

You have hooves in place of feet.
You are mostly covered in slimy green scales. (AC +3)
You are mostly covered in sharp spines.
Spells you cast may paralyse adjacent enemies.
You are clumsy. (Dex -2)
[You frequently scream uncontrollably at your foes.]
[You are very weak. (Str -4)]
[Your health recovers twice as slowly from being drained.]


Message History

The ancient zyme hits your ancient zyme!
The ancient zyme hits your ancient zyme but does no damage.
The thorn hunter fires a volley of thorns at you.
The volley of thorns hits you!!
* * * LOW HITPOINT WARNING * * *
A red film seems to cover your vision as you go berserk!
You feel yourself moving faster!
You feel mighty!
Your extra speed is starting to run out.
The worldbinder calls forth creatures from the Swamp!
Your large abomination barely misses the worldbinder.
Your ancient zyme hits the starcursed mass but does no damage.
Your ancient zyme hits the starcursed mass.
The starcursed mass shudders and is absorbed by its neighbour.
The thorn hunter looks sick.
The swamp drake looks sick.
The ancient zyme hits your ancient zyme! x2
The thorn hunter is struck by your spines.
The thorn hunter barely misses you. x2
You hit the worldbinder. You burn the worldbinder.
You kick the worldbinder, but do no damage.
The worldbinder is lightly damaged.
You slash the thorn hunter! You burn the thorn hunter.
The abyss shimmers again as the detected abyssal rune vanishes from your memory and reappears.
A starcursed mass comes into view.
Your ogre barely misses the worldbinder.
The worldbinder misses you. x2
The wretched star pulses with an eldritch light!
You begin to recover more slowly from draining effects.
Your ogre twists and deforms.
You slice the worldbinder!! You burn the worldbinder.
The worldbinder is severely damaged.
You slice the thorn hunter!! You burn the thorn hunter.
Your ancient zyme hits the starcursed mass but does no damage.
Your ancient zyme hits the starcursed mass!
The starcursed mass shudders and withdraws towards its neighbour.
Your large abomination hits the worldbinder but does no damage.
The thorn hunter is struck by your spines.
The thorn hunter hits you!
* * * LOW HITPOINT WARNING * * *
The thorn hunter hits you!
You die...

∆ #
#.#####
#'.*.#
#..xXf##
#xx@#
##.xnXO##
##Xkn##
..##### .


You could see 2 starcursed masses, a thorn hunter (sick), a wretched star, 2
ancient zymes, a worldbinder (ally target), 2 bog bodies, a swamp drake
(summoned, sick), a friendly ancient zyme (summoned), a friendly large
abomination (summoned) and a friendly ogre (summoned, berserk, misshapen, sick).

Vanquished Creatures
  Jorgrun (D:13)
  Rupert (D:13)
  3 tentacled starspawn
  Kirke (Lair:4)
  The ghost of Imiczer the Cleaver, a journeyman FoFi of Okawaru (D:14)
  A dire elephant (Lair:5)
  A fire dragon (D:14)
  A merfolk javelineer (Abyss:3)
  Josephine (D:13)
  A demonspawn (Orc:2)
  2 hydras
  4 catoblepae
  Erolcha (D:13)
  6 boulder beetles
  4 centaur warriors
  4 two-headed ogres
  10 death yaks (Lair:5)
  A thrashing horror (Abyss:3)
  A hell hog (Lair:5)
  Urug (D:13)
  An occultist (D:14)
  A sun demon (Orc:2)
  5 orc high priests (Orc:2)
  A soul eater (Orc:2)
  A wretched star (Abyss:3)
  3 skeletal warriors (D:12)
  2 skysharks (Lair:2)
  4 arcanists (D:14)
  2 swamp dragons
  3 large abominations
  2 deep elf pyromancers
  A flayed ghost (Abyss:3)
  2 lindwurms (Lair:5)
  5 orc knights
  2 wolf spiders (Lair:3)
  6 orc sorcerers (Orc:2)
  An oklob plant (Lair:5)
  3 cyclopes
  2 manticores (Lair:5)
  Maurice (D:7)
  11 black mambas
  An apocalypse crab (Abyss:3)
  3 torpor snails
  15 elephants
  A kobold blastminer (Orc:2)
  2 gargoyles (D:12)
  14 cane toads
  Maggie (Lair:2)
  2 kobold demonologists
  8 komodo dragons
  A tengu conjurer (D:14)
  4 rime drakes
  An efreet (D:13)
  2 red devils (Orc:2)
  9 trolls
  10 polar bears
  A merfolk (Lair:3)
  A hornet (Lair:3)
  10 blink frogs
  Grinder (D:3)
  2 raiju (Lair:5)
  6 slime creatures (D:13)
  2 dream sheep (Lair:5)
  3 vampires
  3 centaur simulacra
  A shadow (D:13)
  A small abomination (Abyss:2)
  A culicivora (Lair:3)
  6 wraiths
  11 basilisks
  7 water elementals
  48 yaks
  6 wyverns
  5 hogs (Lair:4)
  3 wargs (Lair:5)
  2 neqoxecs (Orc:2)
  3 vampire mosquitoes (D:14)
  2 acid dragons
  Duvessa (D:5)
  21 water moccasins
  15 hell hounds (Lair:5)
  23 orc warriors
  6 ice beasts
  2 sky beasts (D:6)
  A meliai simulacrum (D:13)
  13 black bears
  2 ogres
  21 wolves
  17 centaurs
  A phantom (D:5)
  A kobold brigand (D:11)
  16 bullfrogs
  An earth elemental (Abyss:2)
  5 scorpions
  Dowan (D:5)
  11 wights
  24 killer bees
  10 electric eels
  8 howler monkeys
  2 bombardier beetles
  2 hounds
  22 orc priests
  3 jellies
  2 sleepcaps (D:6)
  A gnoll bouda (D:6)
  5 iguanas
  Jessica (D:3)
  Ijyb (D:3)
  Terence (D:3)
  21 orc wizards
  2 gnolls (D:5)
  18 adders
  A shadow imp (D:7)
  7 white imps
  A howler monkey simulacrum (D:10)
  2 ufetubi
  A ribbon worm (D:4)
  4 dart slugs
  48 orcs
  7 endoplasms
  3 giant cockroaches
  11 goblins
  5 hobgoblins
  2 jackals (D:3)
  5 quokkas
  3 training dummies (D:12)
  8 ball pythons
  7 bats
  4 frilled lizards
  10 kobolds
  4 rats
  A lurking horror (Abyss:3)
  2 starspawn tentacles (Abyss:2)
721 creatures vanquished.

Vanquished Creatures (collateral kills)
  A kobold blastminer (Orc:2)
  A warg (Lair:5)
  3 orc warriors (Orc:2)
  An orc priest (Orc:2)
  2 orcs (Orc:2)
8 creatures vanquished.

Vanquished Creatures (others)
  A centaur (Lair:5)
  An orc priest (Orc:2)
  A gnoll bouda (D:5)
  A gnoll (D:5)
  An orc (D:9)
  7 starspawn tentacles
12 creatures vanquished.

Grand Total: 741 creatures vanquished

Notes
Turn   | Place    | Note
-------+----------+-------------------------------------------
     0 | D:1      | AlmostDecent the Demonspawn Berserker began the quest for
                  | the Orb.
     0 | D:1      | Reached XP level 1. HP: 18/18 MP: 1/1
   203 | D:1      | Reached skill level 3 in Axes
   204 | D:1      | Gained mutation: You are partially covered in slimy green
                  | scales. (AC +2) [demonic ancestry]
   204 | D:1      | Reached XP level 2. HP: 16/24 MP: 2/2
   816 | D:2      | Reached XP level 3. HP: 28/29 MP: 3/3
   888 | D:2      | Reached ** piety under Trog
  1404 | D:3      | Noticed Ijyb
  1417 | D:3      | Killed Ijyb
  1418 | D:3      | Reached XP level 4. HP: 6/35 MP: 4/4
  1626 | D:3      | Noticed Terence
  1640 | D:3      | Killed Terence
  1641 | D:3      | Reached skill level 4 in Axes
  1779 | D:3      | Noticed Jessica
  1791 | D:3      | Killed Jessica
  1792 | D:3      | Reached XP level 5. HP: 41/41 MP: 5/5
  1895 | D:3      | Found a faded altar of an unknown god.
  1953 | D:3      | Found Faesuahia's Book Shoppe.
  2018 | D:3      | Noticed Grinder
  2028 | D:3      | Killed Grinder
  2029 | D:3      | Reached skill level 5 in Axes
  2029 | D:3      | Gained mutation: You have large cloven feet. [demonic
                  | ancestry]
  2029 | D:3      | Reached XP level 6. HP: 36/48 MP: 6/6
  2567 | D:4      | Found a runed translucent gate.
  2567 | D:4      | Found a runed translucent gate.
  2569 | D:4      | Found a runed translucent gate.
  2570 | D:4      | Noticed Jaukkuri's ghost (amateur DEAr)
  2632 | D:4      | Gained mutation: You are partially covered in sharp spines.
                  | [demonic ancestry]
  2632 | D:4      | Reached XP level 7. HP: 44/54 MP: 7/7
  2854 | D:4      | Reached skill level 6 in Axes
  3097 | D:4      | Found Zonih's Armour Shop.
  3105 | D:4      | Bought a +0 cloak for 58 gold pieces
  3529 | D:5      | Entered Level 5 of the Dungeon
  3529 | D:5      | Found Kisuhonot's Antique Armour Boutique.
  3835 | D:5      | Noticed Dowan
  3836 | D:5      | Noticed Duvessa
  3846 | D:5      | Killed Duvessa
  3859 | D:5      | Killed Dowan
  3860 | D:5      | Gained mutation: Spells you cast may paralyse adjacent
                  | enemies. [demonic ancestry]
  3860 | D:5      | Reached XP level 8. HP: 41/61 MP: 8/8
  3937 | D:5      | Reached skill level 7 in Axes
  4392 | D:6      | Found Opsinuen's Weapon Emporium.
  4543 | D:6      | Reached skill level 1 in Stealth
  4600 | D:6      | Found a staircase to the Ecumenical Temple.
  4814 | D:6      | Reached skill level 8 in Axes
  4817 | D:6      | Reached skill level 5 in Fighting
  5078 | D:6      | Reached XP level 9. HP: 64/68 MP: 9/9
  5121 | D:6      | Reached skill level 9 in Axes
  5651 | D:6      | Found a basalt altar of Yredelemnul.
  5651 | D:6      | Found a hide-covered altar of Uskayaw.
  5779 | D:7      | Reached *** piety under Trog
  5982 | D:7      | Reached skill level 5 in Armour
  6074 | D:7      | Reached skill level 10 in Axes
  6393 | D:7      | Found a runed translucent gate.
  6394 | D:7      | Found a runed translucent gate.
  6394 | D:7      | Found a runed translucent gate.
  6395 | D:7      | Noticed groovy9's ghost (novice DECj)
  6396 | D:7      | Noticed booth's ghost (novice DrAE)
  6450 | D:7      | Noticed Maurice
  6456 | D:7      | Maurice stole a +1 spear of venom
  6457 | D:7      | Killed Maurice
  6979 | D:8      | Reached XP level 10. HP: 52/76 MP: 10/10
  7522 | D:8      | Reached skill level 11 in Axes
  9783 | D:10     | Entered Level 10 of the Dungeon
  9787 | D:10     | Noticed a two-headed ogre
  9796 | D:10     | Killed a two-headed ogre
  9797 | D:10     | Reached skill level 12 in Axes
  9875 | D:10     | Reached **** piety under Trog
  9963 | D:10     | Reached XP level 11. HP: 83/83 MP: 11/11
 10158 | D:10     | Found a staircase to the Orcish Mines.
 10465 | D:10     | Reached skill level 5 in Dodging
 10476 | D:10     | Reached skill level 13 in Axes
 10625 | D:10     | Found a staircase to the Lair.
 10775 | D:10     | Noticed a two-headed ogre
 10783 | D:10     | Killed a two-headed ogre
 10853 | D:10     | Found a radiant altar of Vehumet.
 11059 | D:10     | Found a snail-covered altar of Cheibriados.
 11290 | Lair:1   | Entered Level 1 of the Lair of Beasts
 12156 | Lair:1   | Reached skill level 14 in Axes
 12711 | Lair:1   | Noticed a swamp dragon
 12723 | Lair:1   | Killed a swamp dragon
 13152 | Lair:2   | Gained mutation: You are mostly covered in sharp spines.
                  | [demonic ancestry]
 13152 | Lair:2   | Reached XP level 12. HP: 92/92 MP: 12/12
 13279 | Lair:2   | Reached skill level 15 in Axes
 13506 | Lair:2   | Noticed a boulder beetle
 13537 | Lair:2   | Killed a boulder beetle
 13838 | Lair:2   | Noticed Maggie
 13846 | Lair:2   | Killed Maggie
 14628 | Lair:3   | Reached skill level 16 in Axes
 14650 | Lair:3   | Identified the +5 long sword of Gijet {heavy, *Corrode rC-
                  | MP+9 Int+8}
 14676 | Lair:3   | Found a gate leading to a gauntlet.
 14691 | Lair:3   | Noticed a catoblepas
 14708 | Lair:3   | Killed a catoblepas
 14722 | Lair:3   | Reached ***** piety under Trog
 14737 | Gauntlet | Entered a Gauntlet
 14737 | Gauntlet | Noticed a hell hog
 14737 | Gauntlet | Found a transporter.
 14740 | Gauntlet | Found a transporter.
 14754 | Gauntlet | Found a transporter.
 14758 | Gauntlet | Found a transporter.
 14768 | Gauntlet | Found a transporter.
 14789 | Gauntlet | Found a transporter.
 14791 | Gauntlet | Noticed a cacodemon
 14793 | Gauntlet | Found a transporter.
 14821 | Gauntlet | Found a transporter.
 14821 | Gauntlet | Noticed a great orb of eyes
 14841 | Gauntlet | Found a transporter.
 14845 | Gauntlet | Found a transporter.
 14857 | Gauntlet | Found a transporter.
 14879 | Gauntlet | Found a transporter.
 15028 | Lair:3   | Found an ornate altar of the Wu Jian Council.
 15028 | Lair:3   | Found a hide-covered altar of Uskayaw.
 15028 | Lair:3   | Noticed a boulder beetle
 15055 | Lair:3   | Killed a boulder beetle
 15485 | Lair:3   | Gained mutation: You are mostly covered in slimy green
                  | scales. (AC +3) [demonic ancestry]
 15485 | Lair:3   | Reached XP level 13. HP: 85/100 MP: 13/13
 15722 | Lair:3   | Found a hole to the Spider Nest.
 15982 | Lair:3   | Found a staircase to the Shoals.
 16116 | Lair:3   | You fall into a shaft and drop 2 floors!
 16116 | Lair:5   | Entered Level 5 of the Lair of Beasts
 16233 | Lair:5   | Reached skill level 17 in Axes
 16236 | Lair:5   | Received a gift from Trog
 16828 | Lair:5   | Received a gift from Trog
 16920 | Lair:5   | Reached skill level 18 in Axes
 16995 | Lair:5   | Reached skill level 10 in Fighting
 17014 | Lair:5   | Reached XP level 14. HP: 101/111 MP: 14/14
 17115 | Lair:5   | Found a shimmering altar of Xom.
 17714 | Lair:5   | Identified the +6 longbow "Liqijoz" {heavy, Int+3}
 18000 | Lair:5   | Identified the amulet of the Gloaming {RegenMP rElec rN+
                  | Regen+ Str-4}
 18402 | Lair:4   | Noticed Kirke
 18417 | Lair:4   | Killed Kirke
 18465 | Lair:4   | Identified the +0 robe of Idwioh {rC+ Str-2 Slay+3}
 18470 | Lair:4   | Found a staircase to the Slime Pits.
 18470 | Lair:4   | Found a viscous altar of Jiyva.
 19260 | Orc:1    | Entered Level 1 of the Orcish Mines
 19264 | Orc:1    | Found Fabaxten's Jewellery Shop.
 19275 | Orc:1    | Found Umobro Cecao's Book Shop.
 19283 | Orc:1    | Found Oplet's Assorted Antiques.
 19338 | Orc:1    | Found Leedwo's Weapon Boutique.
 19341 | Orc:1    | Found Agaoplio's Antique Weapon Boutique.
 19786 | Orc:2    | Entered Level 2 of the Orcish Mines
 19799 | Orc:2    | Received a gift from Trog
 19826 | Orc:2    | Found Dyer's Armour Shoppe.
 19854 | Orc:2    | Found a staircase to the Elven Halls.
 19969 | Orc:2    | Upgraded the game from 0.31.0 to 0.31.0-4-g52a2dc7128
 20302 | Orc:2    | Found Doasik's General Store.
 20348 | Orc:2    | Found Roihahou's Distillery.
 20390 | Orc:2    | Gained mutation: You are clumsy. (Dex -2) [a neqoxec]
 20432 | Orc:2    | Paralysed by an orc sorcerer for 5 turns
 20531 | Orc:2    | Bought a scroll of summoning for 161 gold pieces
 20531 | Orc:2    | Bought a scroll of teleportation for 51 gold pieces
 20531 | Orc:2    | Bought a scroll of teleportation for 51 gold pieces
 20557 | Orc:2    | Bought a potion of curing for 51 gold pieces
 20557 | Orc:2    | Bought a potion of cancellation for 136 gold pieces
 20557 | Orc:2    | Bought a potion of curing for 51 gold pieces
 20663 | Orc:2    | Gained mutation: You have hoof-like feet. [demonic
                  | ancestry]
 20663 | Orc:2    | Reached XP level 15. HP: 124/124 MP: 15/15
 20795 | Orc:2    | Reached skill level 5 in Stealth
 20907 | Orc:2    | Found Ycahoneo's Antique Armour Emporium.
 20907 | Orc:2    | Found a one-way gate leading to the halls of Pandemonium.
 20907 | Orc:2    | Found Jozypaz's Jewellery Shoppe.
 21633 | D:11     | Found Paklotwo's Overcharged Wands.
 21952 | D:12     | Found Wuotos's Firing Range.
 22590 | D:13     | Noticed Erolcha
 22599 | D:13     | Killed Erolcha
 22601 | D:13     | Noticed Josephine
 22611 | D:13     | Killed Josephine
 22682 | D:13     | Noticed Jorgrun
 22691 | D:13     | Noticed Rupert
 22696 | D:13     | Killed Jorgrun
 22702 | D:13     | Killed Rupert
 22702 | D:13     | Identified the +9 battleaxe of the Doomed Warrior
                  | {antimagic, ^Drain rN+++ Will- Str+2 Dex+3} (Trog gifted it
                  | to you on level 13 of the Dungeon)
 22702 | D:13     | Received a gift from Trog
 22766 | D:13     | Reached skill level 15 in Fighting
 23075 | D:13     | Noticed Urug
 23082 | D:13     | Killed Urug
 23424 | D:14     | Found a runed translucent door.
 23442 | D:14     | Noticed Imiczer's ghost (journeyman FoFi)
 23456 | D:14     | Killed Imiczer's ghost
 23723 | D:14     | Reached skill level 10 in Dodging
 23888 | Abyss:2  | Cast into level 2 of the Abyss (an occultist)
 23932 | Abyss:2  | Noticed a tentacled starspawn
 23943 | Abyss:2  | Killed a tentacled starspawn
 23957 | Abyss:2  | Found a viscous altar of Jiyva.
 23959 | Abyss:2  | Noticed a tentacled starspawn
 23965 | Abyss:2  | Killed a tentacled starspawn
 23966 | Abyss:2  | Gained mutation: You have hooves in place of feet. [demonic
                  | ancestry]
 23966 | Abyss:2  | Reached XP level 16. HP: 131/137 MP: 16/16
 24023 | Abyss:3  | Noticed a tentacled starspawn
 24033 | Abyss:3  | Killed a tentacled starspawn
 24057 | Abyss:3  | Noticed a thorn hunter
 24081 | Abyss:3  | HP: 7/207 [thorn hunter (13)]
 24081 | Abyss:3  | Slain by a thorn hunter

Illustrated notes

Levels and vault maps discovered:
D:1:      tarquinn_simple_flora_water_c, layout_basic
D:2:      layout_basic
D:3:      layout_loops_corners, shapermc_ecumenical_altar_ellora, serial_shops,
          shop, uniq_jessica, uniq_ijyb, uniq_terence, uniq_grinder
D:4:      nicolae_cairo_tiling, layout_loops_ring, serial_shops, shop,
          gammafunk_ghost_nasty_kobolds
D:5:      layout_loops_ring, serial_shops, nicolae_stop_n_shop_1, uniq_duvessa
D:6:      minmay_polygon_palace, layout_basic, gammafunk_temple_overflow_statue,
          minmay_temple_entry_antechambers,
          serial_library_regret_index_split_case, nicolae_stop_n_shop_2
D:7:      layout_loops_ring, gammafunk_ghost_cemetery, uniq_maurice
D:8:      layout_loops_ring, good_gods_temple_1
D:9:      layout_basic, serial_bayou, serial_bayou_shore_b, serial_bayou_pond_c,
          serial_bayou_pond_c, serial_bayou_lake_a
D:10:     layout_loops_ring, marbit_many_paths, kennysheep_mini,
          erik_lair_dragon, hiddenorc1_lemuel, serial_ice, serial_ice_h,
          serial_ice_l, serial_ice_n, serial_ice_m, serial_ice_o, serial_ice_f
D:11:     layout_basic, nicolae_shop_overcharged_wands
D:12:     layout_basic, nicolae_shop_firing_range
D:13:     layout_basic, uniq_urug, uniq_jorgrun, uniq_rupert, uniq_josephine,
          uniq_erolcha
D:14:     minmay_tri_stars, layout_cave_pools, grunt_vaults_entry_fortified,
          chequers_jeans, ebering_ghost_reflecting_pool, nrook_uturn
Lair:1:   layout_layer_cave, minivault_23, hibernation_bobbens
Lair:2:   layout_cave_pods, minmay_hedge_maze, infiniplex_staircase_pool_2,
          uniq_maggie
Lair:3:   minmay_lair_venomous_thicket, layout_hall_layers,
          elwin_shoals_entry_rooms, hellmonk_spider_entry_life_and_decay,
          gauntlet_entry_generic, nzn_masters_of_martial_movement
Lair:4:   layout_roguey, slime_entry_1, grunt_megastairs_1, uniq_kirke
Lair:5:   hangedman_lair_caniforms_friends, layout_regular_city,
          hangedman_lair_in_review, lemuel_centaur_altar
Orc:1:    layout_caves, serial_shops, shop, shop_statue,
          nicolae_book_shop_shelving, shop, shop, nicolae_orc_pool_cavern
Orc:2:    pf_orc_diabolical, layout_caves, serial_shops, nicolae_shop_tiny_glass
Abyss:3:  base: D:13, bh_abyss_xom_lugonu_altar, nicolae_abyss_rune_left_handed,
          nicolae_abyss_rune_left_handed, evilmike_abyss_exit_6

Skill      XL: |  1  2  3  4  5  6  7  8  9 10 11 12 13 14 15 16 |
---------------+-------------------------------------------------+-----
Axes           | 3 4 5 6 8 10 12 14 16 18 | 18.0
Dodging        | 2 3 4 5 6 7 8 10 | 10.5
Armour         | 2 3 4 5 6 7 8 9 |  9.1
Fighting       | 4 5 6 7 8 10 13 15 16 | 16.0
Stealth        | 1 2 3 4 5 6 |  6.0

Action                     |  1- 3 |  4- 6 |  7- 9 | 10-12 | 13-15 | 16-18 || total
---------------------------+-------+-------+-------+-------+-------+-------++-------
  Melee: Hand axe          |   105 |    76 |    63 |       |       |       ||   244
         Punch             |     1 |     1 |     4 |    10 |     2 |       ||    18
         Kick              |       |     9 |    71 |   176 |   294 |    11 ||   561
         War axe           |       |       |   162 |       |       |       ||   162
         Broad axe         |       |       |     3 |   536 |   158 |       ||   697
         Battleaxe         |       |       |       |       |   700 |    27 ||   727
 Invoke: Berserk           |     1 |     5 |     3 |     9 |    11 |     1 ||    30
         Trog's Hand       |     1 |     1 |     3 |     5 |    12 |     1 ||    23
         Brothers in Arms  |       |       |       |       |     3 |     1 ||     4
  Evoke: Wand              |       |     1 |       |       |       |       ||     1
    Use: Scroll            |       |       |    17 |     8 |     6 |     2 ||    33
         Potion            |       |       |       |     3 |     2 |     3 ||     8
   Stab: Sleeping          |     1 |       |       |     1 |     5 |     1 ||     8
         Petrified         |       |       |       |     2 |       |       ||     2
         Distracted        |       |       |       |       |     2 |       ||     2
 Armour: Animal skin       |    56 |     8 |       |       |       |       ||    64
         Ring mail         |       |     6 |       |       |       |       ||     6
         Scale mail        |       |    34 |   168 |     3 |       |       ||   205
         Acid dragon scale |       |       |       |   381 |   194 |       ||   575
         Chain mail        |       |       |       |    11 |       |       ||    11
         Swamp dragon scal |       |       |       |       |   370 |    21 ||   391
  Dodge: Dodged            |    77 |    34 |   117 |   464 |   725 |    12 ||  1429
